 Dungeon Crawl Stone Soup version 0.19-a0-1292-g796ee4d (webtiles) character file.

8 jacquesderrida the Magician (level 2, 0/16 HPs)
             Began as a Vine Stalker Wanderer on Aug 30, 2016.
             Slain by a hungry ghost (1 damage)
             ... on level 3 of the Dungeon.
             The game lasted 00:01:03 (199 turns).

jacquesderrida the Magician (Vine Stalker Wanderer)  Turns: 199, Time: 00:01:04

Health: 0/16       AC:  2    Str: 12    XL:     2   Next: 8%
Magic:  0/7        EV: 11    Int: 14    God:
Gold:   31         SH:  0    Dex: 13    Spells: 0 memorised, 7 levels left

rFire  . . .     SeeInvis .     g - +0 short sword
rCold  . . .     Gourm    .     d - +0 robe
rNeg   . . .     Faith    .     (no shield)
rPois  .         Spirit   +     (no helmet)
rElec  .         Dismiss  .     (no cloak)
rCorr  .         Reflect  .     (no gloves)
MR     .....     Harm     .     (no boots)
Stlth  +.........               (no amulet)
                                (no ring)
                                (no ring)

@: no status effects
A: fangs 2, magic shield, antimagic bite, no device heal 3, rot immunity
a: no special abilities


You were on level 3 of the Dungeon.
You were not hungry.

You visited 1 branch of the dungeon, and saw 3 of its levels.

You collected 31 gold pieces.

Inventory:

Hand Weapons
 e - a +0 dagger
 g - a +0 short sword (weapon)
Missiles
 h - 7 tomahawks (quivered)
Armour
 d - a +0 robe (worn)
Wands
 a - a wand of enslavement (15/24)
Books
 b - the Catalogue of Flight

   Spells                             Type                      Level
   a - Shock                          Conjuration/Air              1
   b - Static Discharge               Conjuration/Air              3
 c - Jyzoitha's Grimoire of Talismans

   Spells                             Type                      Level
   a - Infusion                       Charms                       1
   b - Spectral Weapon                Hexes/Charms                 3


   Skills:
 + Level 2.4 Fighting
   Level 1.0 Staves
   Level 1.0 Shields
 - Level 3.2 Spellcasting
   Level 1.0 Charms
   Level 1.0 Summonings
 - Level 1.0 Evocations


You had 7 spell levels left.
You didn't know any spells.

Dungeon Overview and Level Annotations

Branches:
Dungeon (3/15)

Altars:
Sif Muna


Innate Abilities, Weirdness & Mutations

You have extremely sharp teeth.
When hurt, damage is shared between your health and your magic reserves.
Your bite disrupts and absorbs the magic of your enemies.
Potions and wands cannot restore your health.
You are immune to rotting.


Message History

* * * LOW HITPOINT WARNING * * *
You are fainting from starvation!
You continue eating.
The hungry ghost hits you.
You feel slightly more hungry.
You continue eating.
The hungry ghost barely misses you.
You finish eating.
That bread ration really hit the spot!
You miss the hungry ghost. Your bite misses the hungry ghost.
The hungry ghost is moderately damaged.
The hungry ghost hits you.
* * * LOW HITPOINT WARNING * * *
You feel a lot more hungry.
You closely miss the hungry ghost. Your bite misses the hungry ghost.
The hungry ghost is moderately damaged.
The hungry ghost barely misses you.
You miss the hungry ghost. You bite the hungry ghost. You drain its power.
You feel invigorated.
The hungry ghost is moderately damaged.
The hungry ghost hits you.
You die...

# #....._.....#
#.#.........$.#
#............
#.%.....######
#..w..........
#.##.#W.#.###
#.....# ####w##
#<@Wl.# #######


You could see a hungry ghost, a worm and a giant gecko.

Vanquished Creatures
  A giant cockroach (D:2)
  2 goblins (D:1)
  A hobgoblin (D:1)
  A giant newt (D:1)
  3 rats (D:1)
8 creatures vanquished.

Notes
Turn   | Place    | Note
-------+----------+-------------------------------------------
     0 | D:1      | jacquesderrida the Vine Stalker Wanderer began the quest for the Orb.
     0 | D:1      | jacquesderrida set off with: a wand of enslavement (15/24), the Catalogue of Flight, Jyzoitha's Grimoire of Talismans, a +0 robe, a +0 dagger, a bread ration
     0 | D:1      | Reached XP level 1. HP: 11/11 MP: 5/5
   110 | D:1      | Reached XP level 2. HP: 9/16 MP: 5/7
   170 | D:3      | Found a deep blue altar of Sif Muna.
   171 | D:3      | Noticed a hungry ghost
   199 | D:3      | Slain by a hungry ghost

Vault maps used:
D:1:      dpeg_arrival_shelter
D:2:      ecumenical_altar_1, minmay_misc_feat_alley, minmay_pentomino_v4,
          uniq_crazy_yiuf_cottage, uniq_natasha, uniq_terence
D:3:      grunt_temple_overflow_open, first_bread

Skill      XL: |  1 |
---------------+----+-----
Fighting       | 2 |  2.4
Staves         | |  1.0
Shields        | |  1.0
Spellcasting   | |  3.2
Charms         | |  1.0
Summonings     | |  1.0
Evocations     | |  1.0

Action                   || total
-------------------------++-------
Melee: Short sword       ||    28
       Dagger            ||     5
       Bite              ||     7
 Stab: Sleeping          ||     1
  Eat: Bread ration      ||     1
Armor: Robe              ||     2
Dodge: Dodged            ||    16
